Map: Abyssal Reef LE

Players

Musumeci - Winner!

  • Race: Zerg Zerg
  • League: Diamond
  • Spawn Location: 5:00

Nuke

  • Race: Zerg Zerg
  • League: Diamond
  • Spawn Location: 11:00

VOD

Have the link to the VOD?

Description

Time

  • Played on: Feb. 1, 2017, 12:46 p.m.
  • Length: 5:07
Show
View Real Time Build Order
Export as new Build Order

Musumeci Zerg - Winner!

Build Orders: Hatch First 

Get SALT Encoding   

  12  0:07  Drone  
  13  0:08  Drone  
  14  0:18  Drone, Extractor  
  15  0:42  Hatchery  
  14  0:45  Extractor  
  14  0:46  Drone  
  15  1:03  Spawning Pool  
  14  1:14  Evolution Chamber  
  13  1:20  Drone  
  13  1:25  Drone, Extractor  
  14  1:32  Overlord  
  15  1:50  Queen  
  15  1:51  Drone x2  
  15  1:53  Hatchery  
  18  1:58  Drone  
  19  2:03  Drone  
  20  2:16  Drone  
  21  2:24  Overlord  
  21  2:26  Metabolic Boost  
  21  2:38  Drone  
  21  2:42  Queen  
  24  2:50  Zergling x2  
  25  3:00  Baneling Nest  
  24  3:11  Drone x5  
  29  3:19  Overlord  
  29  3:24  Overlord  
  29  3:32  Evolution Chamber  
  28  3:42  Zergling x6  
  30  4:02  Baneling x2  
  30  4:07  Zergling x14  
  37  4:23  Baneling x2  
Show
View Real Time Build Order
Export as new Build Order

Nuke Zerg 

Build Orders: Hatch First, Zergling Baneling 

Get SALT Encoding   

  12  0:01  Drone  
  13  0:10  Drone  
  14  0:16  Overlord  
  14  0:35  Drone x3  
  17  0:56  Drone  
  18  0:59  Hatchery, Drone  
  18  1:26  Spawning Pool  
  18  1:31  Drone  
  18  1:32  Extractor  
  17  1:35  Drone  
  17  1:39  Drone  
  19  1:46  Overlord  
  19  1:58  Drone  
  20  2:12  Queen  
  20  2:13  Zergling x4  
  24  2:16  Queen  
  24  2:19  Zergling x2  
  27  2:31  Zergling x4  
  27  2:33  Metabolic Boost  
  29  2:57  Baneling Nest  
  28  3:14  Zergling x2  
  28  3:15  Zergling x10  
  33  3:29  Zergling x2  
  33  3:30  Zergling x2  
  33  3:31  Overlord  
  33  3:32  Overlord x2  
  35  3:57  Zergling x12  
  41  4:07  Baneling x8  
  41  4:09  Zergling x8  
Tags
 
Add a new tag
Caveats
  • Supply blocks, unpowered buildings, or Contaminate may cause inaccurate times.
  • Supply counts are checked every 10 seconds.